[Event "GER-ch Youth U12M 2018"]
[Site "Willingen"]
[Date "2018.05.21"]
[Round "4"]
[White "Metzdorf, Matteo"]
[Black "Werner, Denis"]
[Result "1/2-1/2"]
[ECO "B24"]
[WhiteElo "1832"]
[BlackElo "1706"]
[Annotator "NA"]
[PlyCount "82"]
[EventDate "2018.05.19"]
[EventType "swiss"]
[EventCountry "GER"]
[SourceTitle "playchess.com"]
[Source "ChessBase"]
[SourceQuality "1"]
[TimeControl "40/4500+30:900+30"]

1. e4 c5 2. Nc3 Nc6 3. g3 g6 4. Bg2 Bg7 5. d3 e6 6. Be3 d6 7. Qd2 Rb8 8. Nf3 Nd4 9. Bxd4 cxd4 10. Nb5 Qb6 11. Qb4 Bf8 12. Qxd4 Qxd4 13. Nbxd4 Bd7 14. O-O Bg7 15. c3 Ne7 16. Rfd1 O-O 17. Nc2 d5 18. Ne3 Bc6 19. exd5 Nxd5 20. Nxd5 Bxd5 21. d4 Rfd8 22. Re1 Bxf3 23. Bxf3 Bh6 24. Rad1 b6 25. Re2 Rbc8 26. Ree1 Rb8 27. d5 exd5 28. Bxd5 Re8 29. c4 Bg7 30. b3 Bc3 31. Re3 Bb4 32. Rf3 Re7 33. Kg2 Kg7 34. Bc6 Rc8 35. Bb5 Rcc7 36. Re3 Bc5 37. Rxe7 Rxe7 38. Rd7 a5 39. Rxe7 Bxe7 40. Kf3 Bc5 41. Ke2 Kf6 1/2-1/2

[Event "GER-ch Youth U12M 2018"]
[Site "Willingen"]
[Date "2018.05.21"]
[Round "4"]
[White "Schubert, Nikita"]
[Black "Haack, Kevin"]
[Result "1/2-1/2"]
[ECO "E09"]
[WhiteElo "1802"]
[BlackElo "1846"]
[Annotator "NA"]
[PlyCount "124"]
[EventDate "2018.05.19"]
[EventType "swiss"]
[EventCountry "GER"]
[SourceTitle "playchess.com"]
[Source "ChessBase"]
[SourceQuality "1"]
[TimeControl "40/4500+30:900+30"]

1. d4 d5 2. Nf3 Nf6 3. g3 e6 4. Bg2 Be7 5. O-O O-O 6. c4 Nbd7 7. Qc2 c6 8. Nbd2 b6 9. e4 Bb7 10. Re1 {[%emt 0:06:36] E09: Closed Catalan: Main Line: 7 Qc2 c6 8 Nbd2} (10. e5 Ne8 11. cxd5 cxd5 12. Re1 Rc8 13. Qd1 Qc7 14. Nb1 b5 15. Bf1 b4 16. Bd3 h6 17. Bf4 Qb6 18. Nbd2 Ba6 19. Bc2 f5 20. exf6 Rxf6 {1-0 (32) Gelfand,B (2729)-Stupak,K (2573) Tbilisi 2017}) 10... Rc8 11. e5 Ne8 12. cxd5 exd5 13. Nb3 $146 ({Predecessor:} 13. Nf1 c5 14. h4 cxd4 15. Qd1 Nc5 16. Nxd4 Nc7 17. Ne3 N7e6 18. Ndf5 d4 19. Nd5 Bxd5 20. Bxd5 Re8 21. Qf3 Bf8 22. Nxd4 Nd3 23. Bxe6 {1-0 (23) Bator,R (2502)-Hedman,E (2402) Hallstahammar 2003}) 13... Nc7 14. Be3 Ne6 15. Rac1 c5 16. Qd1 c4 17. Nbd2 b5 18. a3 a5 19. Nb1 Nb6 20. Re2 b4 21. axb4 axb4 22. Ne1 Qd7 23. Rd2 Ba6 24. f4 g6 25. Bh3 f5 26. exf6 Rxf6 27. Nf3 Qc7 28. Ng5 Nxg5 29. fxg5 Rc6 30. Bf4 Qd8 31. Bxc8 Bxc8 32. h4 Bf5 33. Qf3 Be4 34. Qf2 Qd7 35. Re2 Na4 36. Qe3 Qh3 37. Rh2 Qf5 38. Nd2 Re6 39. Nxe4 (39. Rf2 $16 Bd3 40. Be5 Rxe5 41. Qxe5 Qxe5 42. dxe5) 39... Rxe4 40. Qd2 (40. Qf3 $11) 40... Rxd4 41. Qe1 Re4 42. Re2 Bc5+ 43. Kg2 Nxb2 44. Rxe4 Qxe4+ 45. Qxe4 dxe4 46. Be5 c3 47. Bxc3 $1 bxc3 48. Rxc3 Nd3 49. Kf1 Kf7 50. Rc4 Bd6 51. Rxe4 Bxg3 52. Kg2 Bd6 53. Rd4 Nf4+ 54. Kf3 Ke6 55. Ra4 Nd5 56. Ra7 Ne7 57. Ra6 Nf5 58. Kg4 Ke5 59. Ra7 Be7 60. Ra5+ Ke4 61. Ra4+ Ke3 62. Ra5 $11 Ke4 1/2-1/2

[Event "GER-ch Youth U12M 2018"]
[Site "Willingen"]
[Date "2018.05.21"]
[Round "4"]
[White "Lutz, Adam"]
[Black "Farokhi, Keyvan"]
[Result "0-1"]
[ECO "B76"]
[WhiteElo "1761"]
[BlackElo "1844"]
[Annotator "NA"]
[PlyCount "110"]
[EventDate "2018.05.19"]
[EventType "swiss"]
[EventCountry "GER"]
[SourceTitle "playchess.com"]
[Source "ChessBase"]
[SourceQuality "1"]
[TimeControl "40/4500+30:900+30"]

1. e4 c5 2. Nf3 d6 3. d4 cxd4 4. Nxd4 Nf6 5. Nc3 g6 6. Be3 Bg7 7. f3 O-O 8. Qd2 Nc6 9. O-O-O Bd7 10. g4 Qa5 11. Kb1 Rac8 12. h4 Ne5 13. Nd5 Qxd2 14. Nxe7+ Kh8 15. Rxd2 Rce8 16. g5 Rxe7 17. gxf6 Bxf6 18. Rdh2 d5 19. Bh6 Rfe8 20. Bg5 Kg7 21. f4 Ng4 22. Bxf6+ Nxf6 23. e5 Nh5 24. Rf2 f6 25. Nb5 Ng3 26. Rg1 Nxf1 27. Nd6 Ne3 28. Nxe8+ Rxe8 29. Re2 Ng4 30. Rge1 fxe5 31. fxe5 Kf7 32. c3 Bf5+ 33. Kc1 Be4 34. e6+ Rxe6 35. c4 Rc6 36. Rf1+ Kg7 37. Rf4 Rxc4+ 38. Kd2 Rc2+ 39. Kd1 Rxe2 40. Kxe2 Ne5 41. b3 h6 42. Ke3 g5 43. hxg5 hxg5 44. Rf1 Nc6 45. Rg1 Kg6 46. Rf1 g4 47. Kf4 Bf3 48. Re1 d4 49. a3 d3 50. Ke3 Ne5 51. Rg1 Kg5 52. a4 Be2 53. Rg3 Nf3 54. Rg2 Kh4 55. Rf2 g3 {[%emt 0:00:10] Kd4} 0-1

[Event "GER-ch Youth U12M 2018"]
[Site "Willingen"]
[Date "2018.05.21"]
[Round "4"]
[White "Rössel, Gino"]
[Black "Stepanov, Maximilian"]
[Result "1/2-1/2"]
[ECO "B00"]
[WhiteElo "1705"]
[BlackElo "1300"]
[Annotator "NA"]
[PlyCount "111"]
[EventDate "2018.05.19"]
[EventType "swiss"]
[EventCountry "GER"]
[SourceTitle "playchess.com"]
[Source "ChessBase"]
[SourceQuality "1"]
[TimeControl "40/4500+30:900+30"]

1. e4 d6 2. Nc3 g6 3. f4 Bg7 4. Nf3 Bg4 5. Bc4 Nd7 6. O-O Ngf6 7. d3 O-O 8. h3 Bxf3 9. Rxf3 c6 10. a4 e6 11. Ba2 d5 12. e5 Ne8 13. Qe2 Nc7 14. Bd2 d4 15. Ne4 Qe7 16. g4 Nd5 17. Bxd5 cxd5 18. Nd6 Qd8 19. Bb4 Qb6 20. Nb5 Rfc8 21. Ba3 Bf8 22. Bxf8 Kxf8 23. b3 a6 24. Nd6 Rc3 25. f5 Kg8 26. fxg6 fxg6 27. Rf7 Qc7 28. Qd2 Nxe5 29. Rxc7 Nf3+ 30. Kf2 Nxd2 31. Rxc3 dxc3 32. Re1 Rf8+ 33. Kg2 Nf3 34. Rc1 Nd4 35. Nxb7 Rf3 36. Nc5 a5 37. Nb7 Re3 38. Nxa5 Re2+ 39. Kg1 Rxc2 40. Rxc2 Nxc2 41. Kf2 Nd4 42. Ke1 Kf7 43. Kd1 e5 44. b4 e4 45. dxe4 dxe4 46. Nc4 Ke7 47. Ne3 Kd6 48. b5 Kc5 49. b6 Kxb6 50. Nd5+ Ka5 51. Nxc3 e3 52. Nd5 Kxa4 53. Nxe3 Kb5 54. Ke1 Kc5 55. Kf2 Kd6 56. Kg3 1/2-1/2

[Event "GER-ch Youth U12M 2018"]
[Site "Willingen"]
[Date "2018.05.21"]
[Round "4"]
[White "Chassard, Cedric"]
[Black "Sieber, Bert"]
[Result "1-0"]
[ECO "B32"]
[WhiteElo "1590"]
[BlackElo "1453"]
[Annotator "NA"]
[PlyCount "149"]
[EventDate "2018.05.19"]
[EventType "swiss"]
[EventCountry "GER"]
[SourceTitle "playchess.com"]
[Source "ChessBase"]
[SourceQuality "1"]
[TimeControl "40/4500+30:900+30"]

1. e4 c5 2. Nf3 Nc6 3. d4 cxd4 4. Nxd4 g6 5. Be3 Bg7 6. c4 d6 7. Nc3 Nf6 8. Be2 Nxd4 9. Bxd4 O-O 10. O-O a5 11. Qd2 a4 12. Rfd1 Qa5 13. Bxf6 Bxf6 14. Nd5 Rd8 15. Nxf6+ exf6 16. Qxa5 Rxa5 17. Rd2 Kf8 18. Rad1 Ke7 19. Rd5 Rc5 20. b4 axb3 21. axb3 Be6 22. R5d4 Rcc8 23. R4d2 f5 24. exf5 Bxf5 25. Bf3 Rb8 26. g4 Be6 27. Re1 b5 28. Bd5 bxc4 29. bxc4 Kf6 30. Bxe6 fxe6 31. g5+ Kf7 32. Ra1 Ke7 33. Rd4 Rbc8 34. Rh4 e5 35. Ra7+ Ke6 36. Raxh7 Kf5 37. h3 Rg8 38. Rg4 e4 39. Rf7+ Ke6 40. Rf6+ Ke5 41. f4+ Kd4 42. Rxd6+ Kxc4 43. Kf2 Rcd8 44. Rxd8 Rxd8 45. Ke3 Kd5 46. Rg1 Rh8 47. Rd1+ Ke6 48. Ra1 Rxh3+ 49. Kxe4 Rb3 50. Ra6+ Kf7 51. Rf6+ Kg7 52. Ke5 Ra3 53. Rc6 Ra5+ 54. Ke4 Rf5 55. Rc7+ Kf8 56. Rd7 Kg8 57. Rd8+ Kf7 58. Rd5 Ke6 59. Rxf5 gxf5+ 60. Kd4 Kd6 61. Kc4 Kd7 62. Kd5 Ke7 63. Ke5 Kf7 64. Kxf5 Kg7 65. Ke6 Kf8 66. f5 Ke8 67. f6 Kf8 68. f7 Kg7 69. Ke7 Kg6 70. f8=Q Kxg5 71. Ke6 Kg4 72. Ke5 Kg5 73. Qg7+ Kh4 74. Kf4 Kh3 75. Qg3# 1-0

[Event "GER-ch Youth U12M 2018"]
[Site "Willingen"]
[Date "2018.05.21"]
[Round "4"]
[White "Pikalow, Michael"]
[Black "Neuber, Pascal"]
[Result "1/2-1/2"]
[ECO "B40"]
[WhiteElo "1540"]
[BlackElo "1782"]
[Annotator "NA"]
[PlyCount "72"]
[EventDate "2018.05.19"]
[EventType "swiss"]
[EventCountry "GER"]
[SourceTitle "playchess.com"]
[Source "ChessBase"]
[SourceQuality "1"]
[TimeControl "40/4500+30:900+30"]

1. e4 c5 2. Nf3 e6 3. d4 cxd4 4. Nxd4 Nf6 5. Nc3 Nc6 6. Ndb5 Bb4 7. a3 Bxc3+ 8. Nxc3 d5 9. exd5 exd5 10. Bb5 d4 11. Qe2+ Be6 12. Bxc6+ bxc6 13. Ne4 Nxe4 14. Qxe4 O-O 15. O-O c5 16. f4 Re8 17. f5 Bc4 18. Qg4 Be2 19. Qg3 Bxf1 20. Bg5 Qb8 21. Bf4 Qb6 22. Rxf1 f6 23. h4 Kh8 24. h5 h6 25. Qg6 Re7 26. Rf3 Qd8 27. Bxh6 gxh6 28. Qxf6+ Rg7 29. Qxh6+ Rh7 30. Qg6 Qg8 31. g4 Rg7 32. Qh6+ Qh7 33. Qf6 Kg8 34. Qe6+ Rf7 35. g5 Qxh5 36. g6 Qh6 1/2-1/2

[Event "GER-ch Youth U12M 2018"]
[Site "Willingen"]
[Date "2018.05.21"]
[Round "4"]
[White "Sallandt, Frido"]
[Black "Bakiev, Diyor"]
[Result "1/2-1/2"]
[ECO "C54"]
[WhiteElo "1524"]
[BlackElo "1752"]
[Annotator "NA"]
[PlyCount "110"]
[EventDate "2018.05.19"]
[EventType "swiss"]
[EventCountry "GER"]
[SourceTitle "playchess.com"]
[Source "ChessBase"]
[SourceQuality "1"]
[TimeControl "40/4500+30:900+30"]

1. e4 e5 2. Nf3 Nc6 3. Bc4 Bc5 4. c3 Nf6 5. d3 d6 6. b4 Bb6 7. O-O O-O 8. Nbd2 a6 9. h3 h6 10. Re1 Re8 11. Nf1 Ne7 12. Ng3 Ng6 13. Qb3 Be6 14. Nf5 Bxc4 15. Qxc4 Qd7 16. N3h4 Nxh4 17. Nxh4 Rad8 18. Qb3 d5 19. Be3 d4 20. cxd4 Bxd4 21. Rac1 c6 22. Nf5 Bxe3 23. Rxe3 Kh7 24. Rf3 Qe6 25. Rc3 Nh5 26. g3 Nf6 27. Kg2 Qxb3 28. Rxb3 Re6 29. Ne3 b5 30. Ra3 Ra8 31. Nc2 Kg8 32. Na1 Nd7 33. Nb3 Rd6 34. Na5 Kf8 35. Rc3 Rc8 36. Kf1 c5 37. Ke2 Rd4 38. bxc5 Rxc5 39. Rxc5 Nxc5 40. Nc6 Ra4 41. Nxe5 Rxa2+ 42. Ke3 f6 43. Nc6 Ke8 44. Rf5 Ne6 45. Nb4 Ra4 46. Nxa6 Rxa6 47. Rxb5 Rd6 48. Rb3 Kf7 49. Rb7+ Ke8 50. Rb3 Kd7 51. Rc3 h5 52. Rc4 g5 53. Rc3 Ke7 54. Rb3 Rd7 55. Rb6 Kf7 1/2-1/2

[Event "GER-ch Youth U12M 2018"]
[Site "Willingen"]
[Date "2018.05.21"]
[Round "4"]
[White "Hoffmann, Kay"]
[Black "Prieb, Robert"]
[Result "1/2-1/2"]
[ECO "E81"]
[WhiteElo "1247"]
[BlackElo "1709"]
[Annotator "NA"]
[PlyCount "110"]
[EventDate "2018.05.19"]
[EventType "swiss"]
[EventCountry "GER"]
[SourceTitle "playchess.com"]
[Source "ChessBase"]
[SourceQuality "1"]
[TimeControl "40/4500+30:900+30"]

1. d4 Nf6 2. c4 g6 3. Nc3 Bg7 4. e4 d6 5. f3 O-O 6. Be3 Nfd7 7. Qd2 c5 8. d5 Ne5 9. Bh6 b6 10. Bxg7 Kxg7 11. Bd3 f5 12. Nge2 fxe4 13. Nxe4 Rxf3 14. Nf2 Qf8 15. O-O Bf5 16. Rad1 Nbd7 17. Be4 Bxe4 18. Nxe4 Rxf1+ 19. Rxf1 Qg8 20. b3 Rf8 21. Nf4 Kh8 22. Ne6 Rxf1+ 23. Kxf1 Nf8 24. N4g5 Nxe6 25. Nxe6 Qf7+ 26. Ke2 Nd7 27. Qh6 Kg8 28. Qh3 Qf5 29. Qxf5 gxf5 30. Kf3 Kf7 31. Kf4 Kf6 32. Ng5 h6 33. Ne6 Ne5 34. a3 Ng6+ 35. Ke3 Ke5 36. g3 Kf6 37. Kf3 a5 38. a4 Ne5+ 39. Ke3 Ng4+ 40. Kf4 Nxh2 41. Nf8 Nf1 42. Nd7+ Kg6 43. Nxb6 Nd2 44. Nc8 Kf6 45. Na7 Nxb3 46. Nc6 e6 47. dxe6 Kxe6 48. Nd8+ Ke7 49. Nc6+ Kd7 50. Na7 Nd4 51. g4 fxg4 52. Kxg4 d5 53. cxd5 c4 54. Kf4 c3 55. Ke3 h5 1/2-1/2

[Event "GER-ch Youth U12M 2018"]
[Site "Willingen"]
[Date "2018.05.22"]
[Round "5"]
[White "Bui, Bao Anh Le"]
[Black "Sallandt, Frido"]
[Result "1-0"]
[ECO "C14"]
[WhiteElo "1974"]
[BlackElo "1524"]
[Annotator "NA RC"]
[PlyCount "47"]
[EventDate "2018.05.19"]
[EventType "swiss"]
[EventCountry "GER"]
[SourceTitle "playchess.com"]
[Source "ChessBase"]
[SourceQuality "1"]
[TimeControl "40/4500+30:900+30"]

1. e4 e6 2. d4 d5 3. Nc3 Nf6 4. Bg5 Be7 5. e5 Nfd7 6. Bxe7 Qxe7 7. f4 O-O 8. Nf3 c5 9. Qd2 Nc6 10. dxc5 Nxc5 11. O-O-O a6 12. Bd3 Nxd3+ 13. Qxd3 Nb4 14. Qe3 b5 15. Nd4 Bd7 16. g4 Rac8 17. Kb1 Nc6 18. f5 b4 19. f6 gxf6 20. Qh6 Nxe5 21. Nf5 exf5 22. Nxd5 Qc5 23. Nxf6+ Kh8 24. Qxh7# 1-0

[Event "GER-ch Youth U12M 2018"]
[Site "Willingen"]
[Date "2018.05.22"]
[Round "5"]
[White "Foerster-Yialamas, Lucas"]
[Black "Laux, Dominik"]
[Result "1-0"]
[ECO "B06"]
[WhiteElo "1924"]
[BlackElo "1889"]
[Annotator "NA RC"]
[PlyCount "95"]
[EventDate "2018.05.19"]
[EventType "swiss"]
[EventCountry "GER"]
[SourceTitle "playchess.com"]
[Source "ChessBase"]
[SourceQuality "1"]
[TimeControl "40/4500+30:900+30"]

1. e4 g6 2. d4 Bg7 3. Nc3 c6 4. Nf3 d6 5. Be2 Nf6 6. h3 O-O 7. Be3 Nbd7 8. Qd2 Qa5 9. O-O Re8 10. Bh6 b5 11. Bxg7 Kxg7 12. e5 Ng8 13. d5 Nxe5 14. Nxe5 dxe5 15. dxc6 b4 16. Qd5 Qd8 17. Qxd8 Rxd8 18. c7 Rd2 19. Bf3 bxc3 20. bxc3 Rd7 21. Bxa8 Rxc7 22. Rfe1 Rxc3 23. Rxe5 Rxc2 24. Ra5 a6 25. Rd1 Nf6 26. Bf3 h5 27. Re1 Kf8 28. Be2 Rc6 29. Rd1 Ke8 30. Rd4 Nd7 31. Rc4 Rxc4 32. Bxc4 Nb8 33. Rc5 Bd7 34. Kf1 h4 35. Ke2 f6 36. Rc7 Kd8 37. Rb7 Kc8 38. Ra7 Bc6 39. Rxe7 Bxg2 40. f3 Bxh3 41. Be6+ Bxe6 42. Rxe6 Nd7 43. Rxa6 g5 44. Kf2 Kd8 45. a4 Ne5 46. Rxf6 g4 47. a5 g3+ 48. Kg2 1-0

[Event "GER-ch Youth U12M 2018"]
[Site "Willingen"]
[Date "2018.05.22"]
[Round "5"]
[White "Hommer, Jeremy"]
[Black "Chassard, Cedric"]
[Result "1/2-1/2"]
[ECO "A04"]
[WhiteElo "1897"]
[BlackElo "1590"]
[Annotator "NA RC"]
[PlyCount "71"]
[EventDate "2018.05.19"]
[EventType "swiss"]
[EventCountry "GER"]
[SourceTitle "playchess.com"]
[Source "ChessBase"]
[SourceQuality "1"]
[TimeControl "40/4500+30:900+30"]

1. Nf3 e6 2. g3 Nf6 3. Bg2 c5 4. O-O Nc6 5. c4 Be7 6. Nc3 O-O 7. d4 d5 8. cxd5 Nxd5 9. e4 Nf6 10. d5 exd5 11. e5 Ng4 12. Qxd5 Be6 13. Qe4 Qd7 14. Rd1 Qc7 15. Bf4 Qb6 16. Qe2 c4 17. Ne4 Bf5 18. Nd6 Bd3 19. Qe1 Bxd6 20. exd6 Rfe8 21. Be3 Nxe3 22. fxe3 Rxe3 23. Qf2 Rae8 24. d7 R8e7 25. Re1 Rxe1+ 26. Rxe1 Rxe1+ 27. Nxe1 Qxf2+ 28. Kxf2 Nd8 29. Nxd3 cxd3 30. Ke3 Kf8 31. Kxd3 Ke7 32. Kd4 Kxd7 33. Kd5 Nc6 34. Bh3+ Kc7 35. a3 Ne7+ 36. Kd4 1/2-1/2

[Event "GER-ch Youth U12M 2018"]
[Site "Willingen"]
[Date "2018.05.22"]
[Round "5"]
[White "Haack, Kevin"]
[Black "Tham, Nam"]
[Result "0-1"]
[ECO "A20"]
[WhiteElo "1846"]
[BlackElo "1866"]
[Annotator "NA RC"]
[PlyCount "114"]
[EventDate "2018.05.19"]
[EventType "swiss"]
[EventCountry "GER"]
[SourceTitle "playchess.com"]
[Source "ChessBase"]
[SourceQuality "1"]
[TimeControl "40/4500+30:900+30"]

1. c4 e5 2. g3 Nf6 3. Bg2 Nc6 4. d3 Bc5 5. Nc3 d6 6. Nf3 O-O 7. O-O Be6 8. a3 a6 9. b4 Ba7 10. Rb1 h6 11. Bd2 {[%emt 0:04:24] A29: English Opening: Four Knights Variation with 4 g3} (11. Bb2 Qd7 12. b5 axb5 13. cxb5 Ne7 14. Qc2 Bh3 15. Bxh3 Qxh3 16. Na4 Bb8 17. Rfc1 Ng4 18. d4 Nd5 {0-1 (31) Grill,B (2103)-Sadzikowski,D (2584) Neustadt an der Weinstrasse 2018}) 11... Ne7 12. Qc2 $146 ({Predecessor:} 12. a4 c6 13. Qc1 Ng6 14. Be3 c5 15. b5 a5 {0-1 (36) Tan,L-Souphaphone,S Chiangmai 2013}) 12... Ng6 13. Rfc1 c6 14. b5 axb5 15. cxb5 c5 16. Rb2 Rc8 17. Rcb1 b6 18. a4 d5 19. Nd1 Qd6 20. a5 Rfd8 21. Ra1 Ra8 22. Rba2 e4 23. Ne1 d4 24. Ra3 exd3 25. exd3 Bd5 26. axb6 Qxb6 27. Ba5 Qe6 28. Nc3 Re8 29. Nxd5 Nxd5 30. Qc4 Nge7 31. Nc2 Rab8 32. Bc7 Nxc7 33. Rxa7 Nxb5 34. R7a5 Qxc4 35. dxc4 d3 36. cxb5 dxc2 37. Rc1 Nf5 38. Rxc2 Re1+ 39. Bf1 Nd4 40. Rb2 c4 41. Rba2 c3 42. Ra1 Ree8 43. Bc4 c2 44. Kf1 Nf3 45. R5a4 $2 (45. Kg2 $17 {war die entscheidende Verteidigung.} Ne1+ 46. Kh3) 45... Rbc8 46. Rc1 $19 (46. Kg2 Nd2 47. Ba2) 46... Nd2+ 47. Kg2 Nxc4 48. Ra2 Re2 49. Kf3 Rd2 50. b6 Nxb6 51. Ke3 Nc4+ 52. Ke4 Re8+ 53. Kf4 Rxf2+ 54. Kg4 Ree2 55. h4 Kh7 56. Rh1 f5+ 57. Kh3 Rh2+ 0-1

[Event "GER-ch Youth U12M 2018"]
[Site "Willingen"]
[Date "2018.05.22"]
[Round "5"]
[White "Farokhi, Keyvan"]
[Black "Schubert, Nikita"]
[Result "1/2-1/2"]
[ECO "C44"]
[WhiteElo "1844"]
[BlackElo "1802"]
[Annotator "NA RC"]
[PlyCount "96"]
[EventDate "2018.05.19"]
[EventType "swiss"]
[EventCountry "GER"]
[SourceTitle "playchess.com"]
[Source "ChessBase"]
[SourceQuality "1"]
[TimeControl "40/4500+30:900+30"]

1. e4 e5 2. Nf3 Nc6 3. d4 exd4 4. Bc4 Bc5 5. O-O d6 6. c3 dxc3 7. Qb3 {[%emt 0:00:15] C44: Ponziani Opening and Scotch Gambit} Qd7 (7... Na5 8. Bxf7+ Kf8 9. Qxc3 Kxf7 10. Qxa5 Bg4 11. Ng5+ Kg6 12. h3 h6 13. hxg4 hxg5 14. b4 Bd4 15. Qf5+ Kh6 16. Rd1 Bxa1 17. Rd3 g6 18. Qf7 Nf6 19. Rh3+ Nh5 20. gxh5 {1-0 (20) Turov,M (2539)-Jenni,F (2520) playchess.com INT 2006}) 8. Qxc3 f6 9. a3 Nge7 10. b4 Bb6 11. Qb3 Ng6 $146 ({Predecessor:} 11... Rf8 12. Nc3 Nd4 13. Nxd4 Bxd4 14. Ra2 Bxc3 15. Qxc3 {1-0 (28) Wayte,W-Hampton,T Bristol 1861}) 12. Bb2 Nce5 13. Nxe5 fxe5 14. Nc3 Nf4 15. Ne2 Nxe2+ 16. Bxe2 Qe7 17. Kh1 Be6 18. Qg3 O-O 19. f3 Be3 20. Bc1 Bd4 21. Bg5 Qd7 22. Rad1 Qe8 23. f4 exf4 24. Bxf4 Bf6 25. e5 dxe5 26. Bxe5 Bxe5 27. Qxe5 Rxf1+ 28. Rxf1 c6 29. Qc7 Qc8 30. Qe7 Bd5 31. Bf3 Bxf3 32. Rxf3 Qe8 33. Qh4 Qe2 34. h3 Re8 35. Qf4 Qe1+ 36. Rf1 Qe6 37. Qc7 Qe7 38. Qf4 h6 39. Rf3 Qd7 40. Rf1 Qe6 41. Qc7 Qe7 42. Qf4 a6 43. Rf3 $17 Kh8 44. Qf7 Qxf7 45. Rxf7 Rb8 46. Rc7 Kh7 47. Kh2 Kg6 48. g4 Kh7 1/2-1/2

[Event "GER-ch Youth U12M 2018"]
[Site "Willingen"]
[Date "2018.05.22"]
[Round "5"]
[White "Bakiev, Diyor"]
[Black "Rössel, Gino"]
[Result "1-0"]
[ECO "B22"]
[WhiteElo "1752"]
[BlackElo "1705"]
[Annotator "NA RC"]
[PlyCount "99"]
[EventDate "2018.05.19"]
[EventType "swiss"]
[EventCountry "GER"]
[SourceTitle "playchess.com"]
[Source "ChessBase"]
[SourceQuality "1"]
[TimeControl "40/4500+30:900+30"]

1. e4 c5 2. c3 Nf6 3. e5 Nd5 4. d4 cxd4 5. Nf3 Nc6 6. cxd4 d6 7. Bc4 Nb6 8. Bb5 e6 9. O-O Be7 10. Qe2 O-O 11. Qe4 dxe5 12. dxe5 Qd5 13. Bxc6 Qxc6 14. Qg4 Qc2 15. Nc3 Qg6 16. Qxg6 hxg6 17. Rd1 Nd7 18. Be3 b6 19. Rac1 Rd8 20. Nb5 Ba6 21. Nc7 Be2 22. Nxa8 Bxd1 23. Rxd1 Nb8 24. Rxd8+ Bxd8 25. Nd4 Kf8 26. Nb5 Nc6 27. a4 Ke7 28. a5 a6 29. Nc3 bxa5 30. Nb6 Nxe5 31. Bc5+ Ke8 32. Nba4 Kd7 33. Bd4 Bf6 34. Bxe5 Bxe5 35. Kf1 Kc6 36. g3 Bf6 37. Ke2 g5 38. Kd3 g6 39. f3 Bg7 40. g4 f5 41. h3 Bf6 42. Kc4 Be7 43. Ne2 e5 44. Ng3 f4 45. Ne4 Bf8 46. Nxg5 Be7 47. Ne4 g5 48. Nec5 Bxc5 49. Nxc5 a4 50. Ne4 1-0

[Event "GER-ch Youth U12M 2018"]
[Site "Willingen"]
[Date "2018.05.22"]
[Round "5"]
[White "Garner, Isaac"]
[Black "Pikalow, Michael"]
[Result "1-0"]
[ECO "B72"]
[WhiteElo "1751"]
[BlackElo "1540"]
[Annotator "NA RC"]
[PlyCount "105"]
[EventDate "2018.05.19"]
[EventType "swiss"]
[EventCountry "GER"]
[SourceTitle "playchess.com"]
[Source "ChessBase"]
[SourceQuality "1"]
[TimeControl "40/4500+30:900+30"]

1. e4 c5 2. Nf3 d6 3. d4 cxd4 4. Nxd4 Nf6 5. Nc3 g6 6. Be3 Bg7 7. Be2 O-O 8. Qd2 Nc6 9. O-O-O a6 10. Nxc6 bxc6 11. e5 Ne8 12. exd6 Qxd6 13. Qxd6 exd6 14. Bf3 d5 15. Bc5 Be6 16. Ne2 Rb8 17. c3 Be5 18. Bxf8 Kxf8 19. Nd4 Bd7 20. Be2 Nd6 21. Nb3 Ne4 22. Rhf1 Bf5 23. f4 Bxc3 24. g4 Bxb2+ 25. Kxb2 Be6 26. f5 gxf5 27. gxf5 Bc8 28. Kc2 Rb4 29. Rd4 Rxd4 30. Nxd4 c5 31. Nc6 Bd7 32. Ne5 Bb5 33. Bxb5 axb5 34. Kd3 Ke7 35. Rb1 f6 36. Nf3 b4 37. Re1 Kd6 38. Rxe4 dxe4+ 39. Kxe4 c4 40. Kd4 b3 41. axb3 cxb3 42. Nd2 b2 43. Nc4+ Ke7 44. Nxb2 Kd6 45. Nd3 Ke7 46. Kd5 Kd7 47. Nf4 Ke7 48. Nh5 h6 49. h3 Kf7 50. Kd6 Kf8 51. Ke6 Kg8 52. Kxf6 Kf8 53. Kg6 1-0

[Event "GER-ch Youth U12M 2018"]
[Site "Willingen"]
[Date "2018.05.22"]
[Round "5"]
[White "Prieb, Robert"]
[Black "Wagner, Leopold Franziskus"]
[Result "1/2-1/2"]
[ECO "E32"]
[WhiteElo "1709"]
[BlackElo "2234"]
[Annotator "RC"]
[PlyCount "134"]
[EventDate "2018.05.19"]
[EventType "swiss"]
[EventCountry "GER"]
[SourceTitle "playchess.com"]
[Source "ChessBase"]
[SourceQuality "1"]
[TimeControl "40/4500+30:900+30"]

1. d4 Nf6 2. c4 e6 3. Nc3 Bb4 4. Qc2 O-O 5. a3 Bxc3+ 6. Qxc3 b6 7. Bg5 h6 8. Bh4 Bb7 9. f3 d5 10. e3 Nbd7 11. cxd5 exd5 12. Bd3 Re8 13. Ne2 Rc8 14. O-O Qe7 15. Bf2 c5 16. Qd2 Nb8 17. Rac1 Nc6 18. dxc5 bxc5 19. Bf5 Rcd8 20. Qc3 Ba6 21. Rfe1 c4 22. Nd4 Nb8 23. e4 Qc7 24. b4 dxe4 25. Bxe4 Nxe4 26. Rxe4 Rxe4 27. fxe4 Qe5 28. Qe3 Re8 29. Bg3 Qh5 30. Nf5 Qxf5 31. exf5 Rxe3 32. Bxb8 Rxa3 33. Bxa7 Bb7 34. Bd4 Bd5 35. b5 Ra2 36. Bf2 Kf8 37. b6 Ke7 38. h3 Rb2 39. g4 f6 40. Bc5+ Kd7 41. Rc3 Kc6 42. Bf2 Kd6 43. Bg3+ Kc5 44. Bf2+ Kb4 45. Be1 Kb5 46. Bf2 Ka4 47. h4 Rb3 48. Rc2 c3 49. Bd4 Kb4 50. Kf2 Be4 51. Rc1 c2 52. Be3 Kc4 53. Ke2 Kc3 54. Ra1 Rb1 55. Ra3+ Kc4 56. Ra4+ Kd5 57. Ra5+ Kd6 58. Rc5 Rb3 59. Rc7 Rb5 60. Rc4 Ke5 61. Kd2 Rd5+ 62. Kc1 Rb5 63. Kd2 Rb3 64. Rc5+ Kd6 65. Rc3 Rxc3 66. Kxc3 Ke5 67. Kd2 h5 1/2-1/2

[Event "GER-ch Youth U12M 2018"]
[Site "Willingen"]
[Date "2018.05.22"]
[Round "5"]
[White "Weidenhoefer, Max"]
[Black "Metzdorf, Matteo"]
[Result "0-1"]
[ECO "C02"]
[WhiteElo "1709"]
[BlackElo "1832"]
[Annotator "NA RC"]
[PlyCount "89"]
[EventDate "2018.05.19"]
[EventType "swiss"]
[EventCountry "GER"]
[SourceTitle "playchess.com"]
[Source "ChessBase"]
[SourceQuality "1"]
[TimeControl "40/4500+30:900+30"]

1. e4 e6 2. d4 d5 3. e5 c5 4. c3 Nc6 5. Nf3 Qb6 6. Bd3 Bd7 7. O-O cxd4 8. cxd4 Nxd4 9. Nxd4 Qxd4 10. Nc3 a6 11. Qe2 Ne7 12. Rd1 Qb6 {[%emt 0:05:31] C02: French: Advance Variation} (12... Nc6 13. Bxa6 Qxe5 14. Qxe5 Nxe5 15. Bxb7 Ra7 16. Bxd5 exd5 17. Re1 f6 18. f4 Bc5+ 19. Kh1 d4 20. Nb1 O-O 21. fxe5 fxe5 {½-½ (58) Capellades Subirana,M (2290)-Gonzalez Perez,A (2567) Barcelona 2014}) 13. Kh1 Nc6 14. f4 Qc7 15. a3 Be7 $146 ({Predecessor:} 15... Nd4 16. Qf2 Nb3 17. Rb1 g6 18. f5 gxf5 19. Bxf5 d4 20. Bc2 Nxc1 {0-1 (63) Zwick,R-Kargoll,P (2230) Speyer 1986}) 16. b4 Nxb4 17. axb4 Qxc3 18. Bd2 Qc7 19. Rdc1 Qb6 20. b5 a5 21. Be3 d4 22. Bf2 Bc5 23. Ra4 Bb4 24. Bxd4 Qxd4 25. Rc4 Qb6 26. Rcxb4 O-O 27. Rb1 Rfd8 28. Qe4 g6 29. Qf3 Rac8 30. Raa1 Rc3 31. Qe2 Qd4 32. Rd1 Qxf4 33. Rxa5 Rdc8 34. Raa1 R3c5 35. Re1 Rd5 36. Rab1 Rcc5 37. g3 $19 Qxe5 38. Qa2 Qc3 39. Be4 Re5 40. Qa8+ Kg7 41. Qxb7 Bxb5 42. Rbc1 Qd4 43. Rcd1 Qf2 44. Qa7 Bc6 45. Qa1 0-1